 Dungeon Crawl Stone Soup version 0.28-a0-1629-gf728b707aa (webtiles) character file.

Game seed: 13185062367433753906

56 Ajdolov the Poker (level 3, 0/34 HPs)
             Began as a Naga Monk on Jan 25, 2022.
             Slain by an orc wizard (4 damage)
             ... on level 3 of the Dungeon.
             The game lasted 00:04:01 (2687 turns).

Ajdolov the Poker (Naga Monk)                       Turns: 2687, Time: 00:04:02

Health: 0/34       AC:  5    Str: 13    XL:     3   Next: 97%
Magic:  3/3        EV: 10    Int: 16    God:
Gold:   95         SH:  0    Dex: 13    Spells: 2/2 levels left

rFire   . . .      SeeInvis +   a - +0 spear
rCold   . . .      Faith    .   (no shield)
rNeg    . . .      Spirit   .   k - +3 leather armour of the Hall of Blades {+Blink rElec Int+4}
rPois   +          Reflect  .   (no helmet)
rElec   +          Harm     .   (no cloak)
rCorr   .          Rampage  .   (no gloves)
Will    .....                   (no barding)
Stlth   ++........              (no amulet)
HPRegen 0.11/turn               (no ring)
MPRegen 0.08/turn               (no ring)

@: flying, very slow
A: AC +1, large, see invisible, deformed body, poison resistance, slowness 2,
spit poison 1, naga tail 1
a: Spit Poison, Evoke Blink


You were on level 3 of the Dungeon.
You visited 1 branch of the dungeon, and saw 3 of its levels.

You collected 95 gold pieces.

Inventory:

Hand Weapons
 a - a +0 spear (weapon)
Armour
 k - the +3 leather armour of the Hall of Blades (worn) {+Blink rElec Int+4}
   (You found it on level 2 of the Dungeon)

   Int:       It affects your intelligence (+4).
   rElec:     It insulates you from electricity.
   +Blink:    It lets you blink.
Jewellery
 c - a +6 ring of strength
Scrolls
 e - a scroll of fear {unknown}
 f - 2 scrolls of identify {unknown}
 i - a scroll of amnesia {unknown}
 l - a scroll of teleportation {unknown}
Potions
 d - a potion of flight
 g - a potion of haste {unknown}
 h - 2 potions of curing {unknown}
 m - a potion of attraction {unknown}
 n - a potion of heal wounds {unknown}


   Skills:
 - Level 3.0 Fighting
 + Level 4.7 Polearms
 - Level 2.4 Dodging
 - Level 3.0 Stealth


You had 2 spell levels left.
You didn't know any spells.
Your spell library was empty.

Dungeon Overview and Level Annotations

Branches:
Dungeon (3/15)

Altars:
Qazlal


Innate Abilities, Weirdness & Mutations

Your serpentine skin is tough. (AC +1)
You have supernaturally acute eyesight. (SInv)
Armour fits poorly on your strangely shaped body.
Your system is resistant to poisons. (rPois)
You cover ground very slowly.
You can spit poison.
You have a snake-like lower body.


Message History

The boomerang of dispersal hits you.
You blink.
No target in view!
No target in view!
The orc wizard gestures at you while chanting.
The magic dart hits you.
You closely miss the orc wizard.
The orc wizard is lightly wounded.
You hit the orc wizard.
The orc wizard is moderately wounded.
The orc barely misses you. The orc wizard barely misses you.
You hit the orc wizard but do no damage.
The orc wizard is moderately wounded.
The orc hits you but does no damage.
You closely miss the orc wizard.
The orc wizard is moderately wounded.
The orc wizard hits you but does no damage.
You hit the orc wizard but do no damage.
The orc wizard is moderately wounded.
The orc hits you but does no damage.
The orc wizard points at you and mumbles some strange words.
The magic dart hits you.
You hit the orc wizard but do no damage.
The orc wizard is moderately wounded.
The orc closely misses you.
The orc wizard hits you but does no damage.
You hit the orc wizard.
The orc wizard is moderately wounded.
The orc barely misses you. The orc wizard barely misses you.
You closely miss the orc wizard.
The orc wizard is moderately wounded.
The orc hits you with a +0 dagger.
The orc wizard points at you and mumbles some strange words.
The magic dart hits you!
* * * LOW HITPOINT WARNING * * *
It was a potion of flight.
You feel very buoyant.
You fly up into the air.
The orc hits you with a +0 dagger.
* * * LOW HITPOINT WARNING * * *
The orc wizard hits you with a +0 dagger.
You die...

...
#o#
#<#
#o#
#.#
#.#
#.#
###.##
#@o..#
#o#.##
#.###
#.#
#.#
#..
####


You could see an orc wizard (invisible) and an orc.

Vanquished Creatures
  A worm (D:2)
  A dart slug (D:2)
  An orc (D:3)
  2 ball pythons
  4 endoplasms (D:1)
  6 goblins
  5 hobgoblins (D:2)
  8 jackals (D:2)
  6 kobolds
  A quokka (D:2)
  4 bats
  2 frilled lizards
  3 rats
44 creatures vanquished.

Notes
Turn   | Place    | Note
-------+----------+-------------------------------------------
     0 | D:1      | Ajdolov the Naga Monk began the quest for the Orb.
     0 | D:1      | Reached XP level 1. HP: 21/21 MP: 1/1
    50 | D:1      | Found a faded altar of an unknown god.
   368 | D:1      | Reached XP level 2. HP: 28/28 MP: 2/2
  1038 | D:2      | Reached skill level 4 in Polearms
  1368 | D:2      | Reached XP level 3. HP: 19/34 MP: 3/3
  1738 | D:2      | Identified the +3 leather armour of the Hall of Blades
                  | {+Blink rElec Int+4}
  2318 | D:2      | Found a stormy altar of Qazlal.
  2687 | D:3      | Slain by an orc wizard

Illustrated notes

Levels and vault maps discovered:
D:1:      dpeg_arrival_water_fire, layout_basic, ebering_ecumenical_altar_webs
D:2:      minmay_alternating_diamond, layout_loops_ring, basic_altar,
          st_stairs_10
D:3:      kennysheep_goblin_castle, layout_loops_ring,
          grunt_temple_overflow_growth_and_decay, minivault_23, uniq_ijyb,
          uniq_crazy_yiuf_cottage, uniq_jessica, uniq_natasha, uniq_sigmund

Skill      XL: |  1  2 |
---------------+-------+-----
Polearms       | 4 |  4.7
Fighting       | |  3.0
Dodging        | |  2.4
Stealth        | |  3.0

Action                   || total
-------------------------++-------
Melee: Spear             ||   178
       Punch             ||     1
 Abil: Spit Poison       ||     2
  Use: Potion            ||     1
 Stab: Sleeping          ||     9
Armor: Robe              ||     9
       Chain mail        ||    28
       Leather armour    ||    23
Dodge: Dodged            ||    69

Table legend: (Time is in decaauts)
 A = Elapsed time spent in this place.
 B = Non-inter-level travel time spent in this place.
 C = Inter-level travel time spent in this place.
 D = Time resting spent in this place.
 E = Time spent auto-exploring this place.
 F = Levels seen in this place.
 G = Mean time per level.
                   A        B        C        D        E       F      G
               +--------+--------+--------+--------+--------+-----+--------+
         Total |   3245 |   3220 |     25 |    411 |   2389 |   3 | 1081.7 |
       Dungeon |   3245 |   3220 |     25 |    411 |   2389 |   3 | 1081.7 |
               +--------+--------+--------+--------+--------+-----+--------+

Top non-repeatable levels by time:
     D:2: 1932 daAuts
     D:1: 1283 daAuts
     D:3: 29 daAuts
